 Dungeon Crawl Stone Soup version 0.29.0-13-gc9e81de378 (webtiles) character file.

Game seed: 9077788578502627740

5657 Sobieck the Grappler (level 10, -2/98 (100) HPs)
             Began as a Troll Monk on Sept 8, 2022.
             Was a Priest of Wu Jian.
             Slain by a kobold brigand
             ... wielding a +0 whip
              (6 damage)
             ... on level 9 of the Dungeon.
             The game lasted 00:24:03 (8319 turns).

Sobieck the Grappler (Troll Monk)                   Turns: 8319, Time: 00:24:04

HP:   -2/98 (100)   AC: -5    Str: 29    XL:     10   Next: 46%
MP:   0/18          EV: 12    Int:  6    God:    Wu Jian [***...]
Gold: 116           SH: 11    Dex: 20    Spells: 9/9 levels left

rFire   . . .      SeeInvis .     - Unarmed
rCold   + . .      Faith    .   b - +1 kite shield
rNeg    . . .      Spirit   +   a - +0 robe
rPois   +          Reflect  .   (helmet restricted)
rElec   .          Harm     .   r - +2 cloak
rCorr   .          Rampage  .   (gloves unavailable)
Will    .....                   (boots unavailable)
Stlth   ++........              M - amulet of guardian spirit
HPRegen 1.06/turn               K - +6 ring of strength
MPRegen 0.16/turn               e - ring of Raanats {rPois rC+ MP+9 Str-2 Dex+8}

@: corroded, lightly drained
A: large, unfitting armour, claws 3, regeneration 1, shaggy fur 1, tough skin 1
a: Renounce Religion, Wall Jump, Serpent's Lash


You were on level 9 of the Dungeon.
You worshipped Wu Jian.
Wu Jian was most pleased with you.
You visited 2 branches of the dungeon, and saw 10 of its levels.
You also visited: Sewer.

You collected 416 gold pieces.
You spent 300 gold pieces at shops.


Innate Abilities, Weirdness & Mutations

You are too large for most types of armour.
You have claws for hands.
Your natural rate of healing is unusually fast.
You are covered in fur. (AC +1)
You have tough skin. (AC +1)


   Skills:
 + Level 6.6 Fighting
 - Level 6.0 Throwing
 + Level 6.5 Dodging
 - Level 2.0 Stealth
 + Level 5.2 Shields
 - Level 8.0 Unarmed Combat


You had 9 spell levels left.
You didn't know any spells.
Your spell library contained the following spells:

 Spells                   Type           Power      Damage    Failure   Level
 Magic Dart               Conj           0%         1d3       73%         1
 Necrotise                Necr           0%         1d4       73%         1
 Slow                     Hex            0%         N/A       73%         1
 Summon Small Mammal      Summ           0%         N/A       73%         1
 Call Imp                 Summ           0%         N/A       86%         2
 Call Canine Familiar     Summ           0%         N/A       97%         3
 Confusing Touch          Hex            0%         N/A       97%         3
 Mephitic Cloud           Conj/Pois/Air  0%         N/A       97%         3
 Summon Guardian Golem    Hex/Summ       0%         N/A       97%         3
 Vampiric Draining        Necr           0%         2d6       97%         3
 Agony                    Necr           0%         N/A       100%        5

Inventory:

Missiles
 d - 36 stones {throwing}
 s - 31 poisoned darts (quivered) {throwing}
 t - 3 curare-tipped darts {=fthrowing}
 I - 2 throwing nets {=f!fthrowing}
Armour
 a - a +0 robe (worn)
 b - a +1 kite shield (worn)
   (You found it on level 4 of the Dungeon)
 f - a +0 robe
   (You took it off a wight on level 6 of the Dungeon)
 k - a +0 robe
   (You took it off an orc wizard on level 6 of the Dungeon)
 n - a +0 robe
   (You found it on level 5 of the Dungeon)
 q - a +0 robe
   (You found it on level 2 of the Dungeon)
 r - a +2 cloak (worn)
   (You found it on level 2 of the Dungeon)
 w - a +0 robe
   (You took it off a gnoll bouda on level 6 of the Dungeon)
 B - a +0 robe
   (You took it off Jessica on level 3 of the Dungeon)
 F - a +0 robe
   (You took it off an orc wizard on level 6 of the Dungeon)
 J - a +0 robe
   (You took it off an orc wizard on level 6 of the Dungeon)
 L - a +0 robe
   (You took it off an orc wizard on level 7 of the Dungeon)
 O - a +0 robe
   (You took it off a wight on level 7 of the Dungeon)
 Q - a +0 robe
   (You took it off an orc wizard on level 8 of the Dungeon)
 S - a +0 robe
   (You took it off Dowan on level 5 of the Dungeon)
 Y - a +0 robe
   (You took it off a gnoll on level 5 of the Dungeon)
 Z - a +0 robe
   (You took it off a wight on level 6 of the Dungeon)
Magical Staves
 g - a staff of air {!astaff}
   (You found it on level 1 of the Dungeon)
Jewellery
 e - the ring of Raanats (right claw) {rPois rC+ MP+9 Str-2 Dex+8}
   (You acquired it on level 4 of the Dungeon)

   [ring of magical power]

   Str:       It affects your strength (-2).
   Dex:       It affects your dexterity (+8).
   rC:        It protects you from cold.
   rPois:     It protects you from poison.
   MP:        It affects your magic capacity (+9).
 j - an amulet of magic regeneration {@e2}
   (You found it on level 2 of the Dungeon)
 x - a +6 ring of dexterity
   (You found it on level 3 of the Dungeon)
 y - a ring of wizardry
   (You found it on level 3 of the Dungeon)
 A - a +6 ring of dexterity
   (You found it on level 6 of the Dungeon)
 G - a ring of fire
   (You found it on level 4 of the Dungeon)
 K - a +6 ring of strength (left claw)
   (You found it on level 6 of the Dungeon)
 M - an amulet of guardian spirit (around neck)
   (You found it on level 7 of the Dungeon)
 U - a +4 ring of evasion
   (You found it on level 8 of the Dungeon)
Wands
 R - a wand of charming (6)
   (You took it off Ijyb on level 5 of the Dungeon)
Scrolls
 o - a scroll of enchant weapon
 D - 3 scrolls of amnesia
 N - 2 scrolls of enchant armour
 P - a scroll of vulnerability {!r!r}
 V - a scroll of teleportation {@r4}
 W - a scroll of butterflies
Potions
 c - 3 potions of curing {@q1}
 h - 3 potions of berserk rage {!q}
 i - a potion of attraction {unknown}
 l - 3 potions of brilliance
 m - 2 potions of flight
 p - 3 potions of lignification {!q}
 u - 2 potions of magic
 v - 2 potions of might
 z - 4 potions of mutation {!q}
 C - 5 potions of heal wounds {@q2}
 E - a potion of invisibility {unknown}
 H - a potion of ambrosia
 T - a potion of haste {@q3}

Dungeon Overview and Level Annotations

Branches:
Dungeon (9/15) Zot: 26880  Temple (1/1) D:7 Zot: 5971   Sewer (visited)
   Lair: D:8-11         Orc: D:9-12

Altars:
Ashenzari
Cheibriados
Dithmenos
Elyvilon
Fedhas
Gozag
Hepliaklqana
Kikubaaqudgha
Makhleb
Nemelex Xobeh
Okawaru
Qazlal
Ru
Sif Muna
Trog
Uskayaw
Vehumet
Wu Jian
Xom
Yredelemnul
Zin
The Shining One

Shops:
D:6 ![((

Annotations:
D:6 2 runed translucent doors, Ofeo's ghost, novice MeNe
Temple 2 transporters

...................
.#........<....#.
#........###..#
..............##
...........#..##
....##.........#
... ##........##..
###.....?.....#
#..)).K@D......
#....#.K........
#...............
###.....#.......
#....###.......
#.... ....... ##..#
####... ### #..


You could see an acid dragon, a kobold brigand and a kobold.


Message History

Unknown command.
You mangle the wight!!
You destroy the wight!
The Council accepts your kill. You block the wight's attack.
You spin and attack the wight.
You scratch the wight but do no damage. The wight closely misses you.
Items here: ))) [[[.
Unknown command.
You barely miss the wight.
The wight hits you with a +3 battleaxe of freezing.
The wight freezes you.
You claw the wight! You block the wight's attack.
You barely miss the wight.
The wight hits you with a +3 battleaxe of freezing.
The wight freezes you.
You barely miss the wight. You block the wight's attack.
You claw the wight!
You destroy the wight!
The Council accepts your kill.
Items here: )) [[.
Unknown command.
Unknown command.
Unknown command.
Items here: )) [[. 2 kobolds come into view.
A kobold is wielding a +0 dagger and quivering poisoned darts.
Danger!
A kobold brigand and a kobold come into view.
The kobold brigand is wielding a +0 whip and quivering poisoned darts.
The kobold shouts!
A kobold comes into view. It is wielding a +0 dagger.
The kobold throws a poisoned dart.
You block the poisoned dart.
The kobold shouts! x2; You hear a roar!
An acid dragon comes into view.
You lunge at the kobold.
You claw the kobold!
You kill the kobold!
The Council accepts your kill.
You spin and attack the kobold.
You closely miss the kobold. The kobold closely misses you.
You barely miss the kobold brigand. You block the kobold's attack.
The kobold brigand hits you but does no damage.
The kobold hits you with a +0 dagger. x2
You spin and attack the kobold repeatedly.
You mangle the kobold!!
You kill the kobold!
The Council accepts your kill.
You spin and attack the kobold.
You barely miss the kobold. The acid dragon spits acid at you.
The splash of acid hits you! The acid corrodes you!
You block the kobold's attack.
You mangle the kobold brigand!! The kobold hits you but does no damage.
You block the kobold brigand's attack. The kobold closely misses you.
You claw the kobold!
You kill the kobold!
The Council accepts your kill. You block the kobold's attack.
The acid dragon spits acid at you. The splash of acid hits you!!
The acid corrodes you!
The kobold brigand hits you with a +0 whip.
You spin and attack the kobold.
You scratch the kobold but do no damage.
You block the kobold's attack.
You lunge at the acid dragon.
You scratch the acid dragon but do no damage.
You block the acid dragon's attack. x2
Unknown command.
You claw the acid dragon! You block the kobold's attack.
The acid dragon bites you. The acid dragon claws you.
The kobold brigand closely misses you.
You claw the acid dragon! You block the kobold's attack.
The acid dragon misses you. You block the acid dragon's attack.
The kobold brigand hits you with a +0 whip.
Unknown command.
You closely miss the acid dragon. The kobold hits you with a +0 dagger.
The acid dragon spits acid at you. The splash of acid hits you!!
* * * LOW HITPOINT WARNING * * *
The acid corrodes you! You block the kobold brigand's attack.
You scratch the acid dragon but do no damage.
You block the kobold's attack. You block the acid dragon's attack. x2
The kobold brigand hits you with a +0 whip!
* * * LOW HITPOINT WARNING * * *
Unknown command.
You closely miss the acid dragon. The kobold barely misses you.
The acid dragon bites you!
* * * LOW HITPOINT WARNING * * *
The acid dragon misses you. You block the kobold brigand's attack.
Unknown command.
You scratch the acid dragon but do no damage.
You scratch the acid dragon but do no damage.
The kobold closely misses you. You block the acid dragon's attack.
The acid dragon closely misses you. The kobold brigand closely misses you.
Unknown command.
You scratch the acid dragon but do no damage.
You block the kobold's attack. The acid dragon bites you!
* * * LOW HITPOINT WARNING * * *
You block the acid dragon's attack.
The kobold brigand hits you with a +0 whip!
You die...

Skill      XL: |  1  2  3  4  5  6  7  8  9 10 |
---------------+-------------------------------+-----
Unarmed Combat | 4 5 6 8 |  8.0
Throwing       | 2 4 5 6 |  6.0
Fighting       | 3 4 5 6 |  6.6
Dodging        | 3 4 5 6 |  6.5
Stealth        | 2 |  2.0
Shields        | 1 4 5 |  5.2

Action                   |  1- 3 |  4- 6 |  7- 9 | 10-12 || total
-------------------------+-------+-------+-------+-------++-------
Melee: Unarmed           |    88 |   120 |   331 |   182 ||   721
       Punch             |       |     2 |    14 |       ||    16
Throw: Stone             |    10 |    20 |    24 |       ||    54
       Dart              |       |       |    13 |     2 ||    15
Invok: Whirlwind         |       |       |    10 |    14 ||    24
       Lunge             |       |       |     3 |    12 ||    15
 Abil: Wall Jump         |       |       |       |     2 ||     2
  Use: Scroll            |       |       |    17 |     5 ||    22
 Stab: Sleeping          |     1 |     3 |     4 |     3 ||    11
Armor: Robe              |    23 |    36 |    87 |    31 ||   177
Dodge: Dodged            |    42 |    36 |   159 |    81 ||   318
Block: Kite shield       |       |       |    20 |   103 ||   123

Levels and vault maps discovered:
D:1:      psy_arrival_radial02, layout_basic
D:2:      layout_basic, minmay_door_square, dk_noncrumbling_4,
          minmay_pentomino_q4
D:3:      layout_loops_ring, portal_sewer_entry_f,
          shapermc_ecumenical_altar_totnotflames,
          hangedman_decor_clover_reticule, minmay_checkerbox, uniq_jessica
D:4:      layout_basic
D:5:      layout_rooms, mainiacjoe_overflow_concentric_impassable,
          lemuel_doored_altar, serial_bayou, serial_bayou_pond_e,
          serial_bayou_lake_a, serial_bayou_pond_e, serial_bayou_pond_d,
          serial_bayou_lagoon_b, uniq_prince_ribbit1, uniq_eustachio,
          uniq_duvessa, uniq_ijyb
D:6:      layout_rooms, mainiacjoe_overflow_alcove_4, ebering_ghost_sewer_f,
          kennysheep_small_spiral, minmay_shop_grid_forest, st_stairs_3,
          minmay_misc_feat_rows, minmay_quadrilaterals
D:7:      layout_rooms, cheibrodos_worm_habitat, minmay_temple_entry_arrows
D:8:      layout_layer_cave, okawaru_ov_weapons_minmay, enter_bailey_3
D:9:      layout_cave_pools, serial_shops, shop, uniq_erolcha
Temple:   hellmonk_temple_divided_pantheon

Notes
Turn   | Place    | Note
-------+----------+-------------------------------------------
     0 | D:1      | Sobieck the Troll Monk began the quest for the Orb.
     0 | D:1      | Reached XP level 1. HP: 22/22 MP: 0/0
    48 | D:1      | Reached XP level 2. HP: 27/29 MP: 1/1
   128 | D:1      | Reached skill level 4 in Unarmed Combat
   245 | D:1      | Reached XP level 3. HP: 36/36 MP: 2/2
   943 | D:1      | Reached XP level 4. HP: 40/44 MP: 3/3
   953 | D:2      | Reached skill level 5 in Unarmed Combat
  1036 | D:2      | You pick up a book of Minor Magic and begin reading...
  1036 | D:2      | You add the spells Magic Dart, Call Imp and Mephitic Cloud
                  | to your library.
  1332 | D:2      | You pick up a book of Necromancy and begin reading...
  1332 | D:2      | You add the spells Necrotise, Vampiric Draining and Agony
                  | to your library.
  1763 | D:3      | Found a glowing drain.
  1785 | D:3      | Reached XP level 5. HP: 50/50 MP: 4/4
  1794 | Sewer    | Entered a sewer
  1830 | Sewer    | Reached skill level 6 in Unarmed Combat
  2137 | Sewer    | Reached XP level 6. HP: 59/59 MP: 5/5
  2189 | Sewer    | Reached skill level 7 in Unarmed Combat
  2361 | Sewer    | Reached skill level 8 in Unarmed Combat
  2361 | Sewer    | Reached XP level 7. HP: 62/66 MP: 6/6
  2424 | Sewer    | Reached skill level 1 in Throwing
  2543 | D:3      | Found the +3 pair of gauntlets of War {Slay+5}
  2781 | D:3      | You pick up a book of Callings and begin reading...
  2781 | D:3      | You add the spells Summon Small Mammal, Call Canine
                  | Familiar and Summon Guardian Golem to your library.
  2878 | D:3      | You pick up a book of Debilitation and begin reading...
  2878 | D:3      | You add the spells Slow and Confusing Touch to your
                  | library.
  2918 | D:3      | Noticed Jessica
  2923 | D:3      | Killed Jessica
  3045 | D:3      | Found a faded altar of an unknown god.
  3054 | D:3      | You pick up a book of Callings and begin reading...
  3307 | D:4      | Reached skill level 3 in Fighting
  3307 | D:4      | Reached skill level 3 in Dodging
  3374 | D:4      | Reached skill level 2 in Throwing
  3956 | D:5      | Entered Level 5 of the Dungeon
  4000 | D:4      | Reached XP level 8. HP: 63/76 MP: 7/7
  4057 | D:5      | Noticed Duvessa
  4058 | D:5      | Noticed Eustachio
  4060 | D:5      | Noticed Dowan
  4060 | D:5      | Noticed Ijyb
  4210 | D:5      | Found a glowing golden altar of the Shining One.
  4241 | D:5      | Killed Ijyb
  4249 | D:5      | Reached skill level 3 in Throwing
  4253 | D:4      | Identified a scroll of acquirement
  4253 | D:4      | Acquired the ring of Raanats {rPois rC+ MP+9 Str-2 Dex+8}
  4307 | D:5      | Found a white marble altar of Elyvilon.
  4311 | D:5      | Killed Eustachio
  4312 | D:5      | Reached skill level 4 in Fighting
  4352 | D:5      | Reached skill level 4 in Dodging
  4382 | D:4      | Reached skill level 2 in Stealth
  4551 | D:6      | Reached skill level 1 in Shields
  4686 | D:6      | Reached skill level 4 in Throwing
  4726 | D:6      | Found a runed translucent door.
  4804 | D:7      | Reached XP level 9. HP: 85/85 MP: 8/8
  4961 | D:6      | Found Uhiyxeox's Antique Weapon Shop.
  4962 | D:6      | Found Litz's Distillery.
  4964 | D:6      | Found Zuti's Antique Armour Shop.
  4965 | D:6      | Found Nuem's Weapon Shop.
  4983 | D:6      | Bought a potion of berserk rage for 60 gold pieces
  4983 | D:6      | Bought a potion of might for 48 gold pieces
  4983 | D:6      | Bought a potion of heal wounds for 60 gold pieces
  4983 | D:6      | Bought a potion of mutation for 96 gold pieces
  4983 | D:6      | Bought a potion of flight for 36 gold pieces
  5003 | D:6      | Reached skill level 2 in Shields
  5230 | D:6      | Found a runed translucent door.
  5285 | D:6      | Found a basalt altar of Yredelemnul.
  5354 | D:6      | Noticed Ofeo's ghost (novice MeNe)
  5430 | D:6      | Reached skill level 5 in Dodging
  5434 | D:6      | Reached skill level 5 in Fighting
  5766 | D:6      | Reached skill level 3 in Shields
  5802 | D:7      | Reached skill level 5 in Throwing
  5815 | D:7      | Found a staircase to the Ecumenical Temple.
  5823 | Temple   | Entered the Ecumenical Temple
  5823 | Temple   | Found a transporter.
  5823 | Temple   | Found a transporter.
  5825 | Temple   | Found a transporter.
  5825 | Temple   | Found a transporter.
  5838 | Temple   | Became a worshipper of the Wu Jian Council
  5838 | Temple   | Reached * piety under Wu Jian
  5838 | Temple   | Reached ** piety under Wu Jian
  6088 | D:7      | Found a snail-covered altar of Cheibriados.
  6336 | D:5      | Killed Duvessa
  6348 | D:5      | Killed Dowan
  6349 | D:5      | Reached skill level 4 in Shields
  6689 | D:5      | Noticed Prince Ribbit
  6713 | D:5      | Killed Prince Ribbit
  6777 | D:5      | Reached XP level 10. HP: 96/98 MP: 9/9
  7054 | D:8      | Reached skill level 6 in Fighting
  7054 | D:8      | Reached skill level 6 in Dodging
  7144 | D:8      | Found an iron altar of Okawaru.
  7347 | D:8      | Reached skill level 6 in Throwing
  7378 | D:8      | Reached *** piety under Wu Jian
  7791 | D:8      | Reached skill level 5 in Shields
  8095 | D:8      | You pick up a book of Necromancy and begin reading...
  8314 | D:9      | HP: 24/98 [acid dragon/splash of acid (28)]
  8319 | D:9      | HP: 4/98 [acid dragon (11)]
  8319 | D:9      | Slain by a kobold brigand

Vanquished Creatures
  A hornet (D:6)
  Prince Ribbit (D:5)
  Eustachio (D:5)
  4 yaks (D:8)
  Duvessa (D:5)
  A water moccasin (D:5)
  A sky beast (D:7)
  A black bear (D:7)
  3 ogres
  2 orc warriors (D:6)
  2 centaurs
  2 phantoms
  8 kobold brigands
  A necrophage (D:7)
  2 gnoll sergeants
  2 scorpions
  4 bullfrogs
  8 wights
  Dowan (D:5)
  6 killer bees (D:8)
  8 howler monkeys
  4 hounds
  3 orc priests
  4 gnoll boudas
  2 jellies (D:4)
  Jessica (D:3)
  Ijyb (D:5)
  5 iguanas
  8 orc wizards
  25 gnolls
  8 adders
  3 river rats (Sewer)
  A shadow imp (D:6)
  A white imp (D:5)
  An ufetubus (D:6)
  8 worms
  3 dart slugs
  18 orcs
  10 ball pythons
  14 endoplasms
  4 giant cockroaches
  10 goblins
  6 hobgoblins
  2 jackals (D:5)
  7 quokkas
  7 bats
  5 frilled lizards
  22 kobolds
  16 rats
259 creatures vanquished.

Vanquished Creatures (others)
  38 plants (D:5)
38 creatures vanquished.

Grand Total: 297 creatures vanquished

Table legend:
 A = Non-vault XP
 B = Vault XP
 C = Vault XP percentage of total XP
 D = Non-vault monster count
 E = Vault monster count
 F = Vault count percentage of total count
                 A         B        C        D         E       F
            +---------+---------+-------+---------+---------+-------
      Total |    6426 |    1656 |  20.5 |     203 |      56 |  21.6
            +---------+---------+-------+---------+---------+-------
        D:1 |      81 |       0 |   0.0 |      33 |       0 |   0.0
        D:2 |     101 |       3 |   2.9 |      20 |       2 |   9.1
        D:3 |      91 |      53 |  36.8 |      22 |      10 |  31.2
        D:4 |     588 |       0 |   0.0 |      11 |       0 |   0.0
        D:5 |     801 |     734 |  47.8 |      16 |       5 |  23.8
        D:6 |    1612 |     180 |  10.0 |      39 |       6 |  13.3
        D:7 |     796 |       5 |   0.6 |      19 |       1 |   5.0
        D:8 |    1979 |       8 |   0.4 |      35 |       4 |  10.3
        D:9 |     377 |       0 |   0.0 |       8 |       0 |   0.0
      Sewer |       0 |     673 | 100.0 |       0 |      28 | 100.0
            +---------+---------+-------+---------+---------+-------

Illustrated notes

Table legend:
 A = Kills in this place as a percentage of kills in entire the game.
 B = Kills by you in this place as a percentage of kills by you in the entire game.
 C = Kills by friends in this place as a percentage of kills by friends in the entire game.
 D = Other kills in this place as a percentage of other kills in the entire game.
 E = Experience gained in this place as a percentage of experience gained in the entire game.
 F = Experience gained in this place divided by the number of levels of this place that you have seen.
                   A       B       C       D       E      F
               +-------+-------+-------+-------+-------+----------------------
         Total | 100.0 | 100.0 |   N/A |   N/A | 100.0 | 734.7
       Dungeon |  89.2 |  89.2 |   N/A |   N/A |  91.7 | 823.2
         Sewer |  10.8 |  10.8 |   N/A |   N/A |   8.3 | 673.0
               +-------+-------+-------+-------+-------+----------------------

Table legend: (Time is in decaauts)
 A = Elapsed time spent in this place.
 B = Non-inter-level travel time spent in this place.
 C = Inter-level travel time spent in this place.
 D = Time resting spent in this place.
 E = Time spent auto-exploring this place.
 F = Levels seen in this place.
 G = Mean time per level.
                   A        B        C        D        E       F      G
               +--------+--------+--------+--------+--------+-----+--------+
         Total |   8533 |   8030 |    503 |    497 |   5085 |  11 |  775.7 |
       Dungeon |   7651 |   7148 |    503 |    488 |   4588 |   9 |  850.1 |
        Temple |     28 |     28 |      0 |      0 |      0 |   1 |   28.0 |
         Sewer |    852 |    852 |      0 |      9 |    497 |   1 |  852.0 |
               +--------+--------+--------+--------+--------+-----+--------+

Top non-repeatable levels by time:
     D:6: 1343 daAuts
     D:8: 1117 daAuts
     D:2: 1015 daAuts
     D:4: 988 daAuts
     D:5: 924 daAuts
   Sewer: 852 daAuts
     D:3: 779 daAuts
     D:1: 744 daAuts
     D:7: 619 daAuts
     D:9: 118 daAuts
  Temple: 28 daAuts
